 Dungeon Crawl Stone Soup version 0.29.1-1-gd02db6906a (webtiles) character file.

Game seed: 7104956885840032627

296 funkygono the Magician (level 6, -1/32 HPs)
             Began as a Deep Elf Fire Elementalist on Oct 18, 2022.
             Slain by a troll (7 damage)
             ... on level 5 of the Dungeon.
             The game lasted 00:07:00 (5268 turns).

funkygono the Magician (Deep Elf Fire Elementalist) Turns: 5268, Time: 00:07:00

Health: -1/32      AC:  4    Str:  5    XL:     6   Next: 12%
Magic:  9/16       EV: 13    Int: 22    God:
Gold:   288        SH:  0    Dex: 15    Spells: 9/16 levels left

rFire   + . .      SeeInvis .   i - +0 short sword (freeze)
rCold   . . .      Faith    .   (no shield)
rNeg    . . .      Spirit   .   a - +0 robe
rPois   .          Reflect  .   m - +1 helmet
rElec   .          Harm     .   (no cloak)
rCorr   .          Rampage  .   (no gloves)
Will    .....                   (no boots)
Stlth   ++........              (no amulet)
HPRegen 0.10/turn               k - ring of protection from fire
MPRegen 0.15/turn               (no ring)

@: no status effects
A: no striking features
a: no special abilities


You were on level 5 of the Dungeon.
You visited 1 branch of the dungeon, and saw 5 of its levels.
You also visited: Sewer.

You collected 288 gold pieces.

Inventory:

Hand Weapons
 i - a +0 short sword of freezing (weapon)
 o - a +3 short sword
Armour
 a - a +0 robe (worn)
 m - a +1 helmet (worn)
Jewellery
 k - a ring of protection from fire (left hand)
Scrolls
 e - a scroll of blinking
 n - a scroll of teleportation
 p - a scroll of magic mapping
Potions
 b - 3 potions of magic
 c - 2 potions of mutation
 d - 4 potions of curing
 f - a potion of haste
 g - 2 potions of might
 h - a potion of brilliance {unknown}
 j - a potion of lignification {unknown}


   Skills:
 + Level 3.0 Dodging
 + Level 3.2 Stealth
 + Level 5.7 Spellcasting
 + Level 2.5 Conjurations
 + Level 5.2 Fire Magic


You had 9 spell levels left.
You knew the following spells:

 Your Spells              Type           Power      Damage    Failure   Level
a - Foxfire               Conj/Fire      92%        2x1d8     1%          1
b - Scorch                Fire           58%        2d8       1%          2
c - Flame Wave            Conj/Fire      23%        2d8       19%         4

Your spell library contained the following spells:

 Spells                   Type           Power      Damage    Failure   Level
 Shock                    Conj/Air       48%        1d6       5%          1
 Conjure Flame            Conj/Fire      23%        6-21      5%          3
 Inner Flame              Hex/Fire       17%        N/A       10%         3
 Sublimation of Blood     Necr           6%         N/A       14%         2
 Wereblood                Tmut           6%         N/A       14%         2
 Swiftness                Air            6%         N/A       28%         3
 Airstrike                Air            3%         2d(1-17)  67%         4
 Animate Dead             Necr           6%         N/A       67%         4
 Haunt                    Necr/Summ      3%         N/A       100%        7
 Summon Hydra             Summ           3%         N/A       100%        7
 Infestation              Necr           3%         N/A       100%        8


Dungeon Overview and Level Annotations

Branches:
Dungeon (5/15)              Sewer (visited)
 Temple: D:4-7

Altars:
Elyvilon
Wu Jian
The Shining One

Shops:
D:1 !:[![


Message History

The troll is lightly wounded.
The foxfire hits the two-headed ogre but does no damage.
Casting: Foxfire (safe; 1% risk of failure)
Confirm with . or Enter, or press ? or * to list all spells.
You conjure some foxfire!
The foxfire hits the troll.
The troll is moderately wounded.
The foxfire hits the troll but does no damage.
The troll is moderately wounded.
Unknown command.
Casting: Foxfire (safe; 1% risk of failure)
Confirm with . or Enter, or press ? or * to list all spells.
You conjure some foxfire!
The foxfire hits the troll.
The troll is moderately wounded.
The foxfire hits the troll!
The troll is heavily wounded.
Unknown command.
Casting: Foxfire (safe; 1% risk of failure)
Confirm with . or Enter, or press ? or * to list all spells.
You conjure some foxfire!
The foxfire hits the troll.
The troll is heavily wounded.
The foxfire hits the troll.
The troll is heavily wounded.
The foxfire hits the troll but does no damage.
The troll is heavily wounded.
Casting: Foxfire (safe; 1% risk of failure)
Confirm with . or Enter, or press ? or * to list all spells.
Flames lash the two-headed ogre.
The two-headed ogre is lightly wounded.
The two-headed ogre's fire resistance burns away.
The foxfire hits the troll.
The troll is heavily wounded.
Casting: Scorch (safe; 1% risk of failure)
Confirm with . or Enter, or press ? or * to list all spells.
You conjure some foxfire!
The troll misses you. The troll claws you!
The troll claws you but does no damage. The two-headed ogre closely misses you.
The two-headed ogre hits you with a +0 giant club!
Ouch! That really hurt!
* * * LOW HITPOINT WARNING * * *
The troll attacks as you move away! The troll bites you!
You die...

########
###########..##..##
#..#..............#
#..#..............#
#..###..##..####''####
#..###..##.##≈≈≈..§≈≈##
'..>....#.##§≈≈v.§≈§§≈#
#.......'##≈§§§v@.§§§§§#
#######.##§§§§≈≈TO§§§≈≈≈
###≈§§≈≈≈≈.§≈§≈§§≈
≈≈≈≈≈§≈..§§§≈≈≈
≈≈≈≈§§≈..≈≈≈≈≈≈
≈≈≈≈≈≈≈..≈≈≈§≈§
≈≈≈≈≈≈.§§.≈≈≈§§
≈§≈§§≈§≈§.≈≈≈§


You could see a two-headed ogre (combustible) and a troll (ally target).

Vanquished Creatures
  A kobold brigand (Sewer)
  7 gnolls (D:2)
  2 adders
  6 worms
  3 dart slugs
  5 orcs (D:4)
  16 endoplasms
  6 giant cockroaches
  6 goblins
  11 hobgoblins
  2 jackals (D:4)
  12 kobolds
  2 quokkas
  10 ball pythons
  7 bats
  2 frilled lizards
  10 rats
108 creatures vanquished.

Vanquished Creatures (collateral kills)
  2 foxfires (D:2)
2 creatures vanquished.

Vanquished Creatures (others)
  294 foxfires
  17 plants (D:2)
311 creatures vanquished.

Grand Total: 421 creatures vanquished

Notes
Turn   | Place    | Note
-------+----------+-------------------------------------------
     0 | D:1      | funkygono the Deep Elf Fire Elementalist began the quest
                  | for the Orb.
     0 | D:1      | Reached XP level 1. HP: 10/10 MP: 6/6
     7 | D:1      | Found Ewis Wam's Distillery.
   300 | D:1      | Reached XP level 2. HP: 15/15 MP: 6/8
   306 | D:1      | Learned a level 2 spell: Scorch
   372 | D:1      | Found Okheleic's Armour Boutique.
   419 | D:1      | Found Sone's Distillery.
   599 | D:1      | Found Iwnih's Antique Armour Emporium.
   611 | D:1      | Found Baxevus's Book Shoppe.
  1290 | D:2      | Reached XP level 3. HP: 19/19 MP: 6/10
  1454 | D:2      | Reached XP level 4. HP: 24/24 MP: 9/12
  1487 | D:2      | Learned a level 4 spell: Flame Wave
  2288 | D:3      | Reached skill level 5 in Spellcasting
  2557 | D:3      | Reached XP level 5. HP: 28/28 MP: 11/14
  2950 | D:3      | Found a white marble altar of Elyvilon.
  3229 | D:4      | Found a glowing drain.
  3254 | Sewer    | Entered a sewer
  3346 | Sewer    | Reached skill level 5 in Fire Magic
  4153 | D:4      | Reached XP level 6. HP: 32/32 MP: 12/16
  4186 | D:4      | Found a glowing golden altar of the Shining One.
  4972 | D:4      | Found an ornate altar of the Wu Jian Council.
  5217 | D:5      | Entered Level 5 of the Dungeon
  5260 | D:5      | Noticed a troll
  5260 | D:5      | Noticed a two-headed ogre
  5268 | D:5      | Slain by a troll

Illustrated notes

Levels and vault maps discovered:
D:1:      psy_arrival_terrarium, layout_loops_ring,
          shapermc_ecumenical_altar_petra, serial_shops, nicolae_square_shop,
          shop, shop, shop, shop_statue, minmay_splitting_lines, st_stairs_3
D:2:      layout_basic, serial_corexii_hall, corexii_hall_statues_i,
          corexii_hall_statues_i, nicolae_grassy_gnolls
D:3:      layout_loops_corners, mainiacjoe_overflow_concentric_impassable
D:4:      layout_cave_pods, nzn_wu_jian_council_hall, amcnicky_altar_gilded,
          cheibrodos_sewer_entry_drain, chequers_hall_statues_corner_a,
          grunt_decor_one_mirror
D:5:      kennysheep_big_flooded_room, layout_gridville, minmay_fountain_box

Skill      XL: |  1  2  3  4  5  6 |
---------------+-------------------+-----
Fire Magic     | 4 5 |  5.2
Spellcasting   | 4 5 |  5.7
Conjurations   | 2 |  2.5
Stealth        | 3 |  3.2
Dodging        | 3 |  3.0

Action                   |  1- 3 |  4- 6 || total
-------------------------+-------+-------++-------
Melee: Unarmed           |     1 |       ||     1
       Short sword       |       |     4 ||     4
 Cast: Foxfire           |    48 |   129 ||   177
       Scorch            |     4 |    16 ||    20
  Use: Scroll            |       |    15 ||    15
Armor: Robe              |     1 |     9 ||    10
Dodge: Dodged            |     3 |    26 ||    29
